 Dungeon Crawl Stone Soup version bcrawl-1.12-8-g964540c432 (webtiles) character file.

Game seed: 15413353939484048165

1 MisterOstroum the Sneak (level 1, -2/19 HPs)
             Began as a Naga Sloth Apostle on June 5, 2019.
             Was an Initiate of Cheibriados.
             Slain by a jackal (3 damage)
             ... on level 1 of the Dungeon.
             The game lasted 00:00:35 (112 turns).

MisterOstroum the Sneak (Naga Sloth Apostle)         Turns: 112, Time: 00:00:36

Health: -2/19      AC:  1    Str: 15    XL:     1   Next: 20%
Magic:  2/2        EV:  6    Int: 13    God:    Cheibriados [......]
Gold:   27         SH:  7    Dex: 11    Spells: 1/2 levels left

rFire    . . .     SeeInvis +   a - +0 spear
rCold    . . .     Gourm    .   c - +0 shield
rNeg     . . .     Faith    .   b - +0 robe
rPois    +         Spirit   .   (no helmet)
rElec    .         Reflect  .   (no cloak)
rCorr    .         Harm     .   (no gloves)
MR       .....                  (no barding)
Stlth    +++.......             (no amulet)
HPRegen  0.06/turn              (no ring)
MPRegen  0.08/turn              (no ring)

@: very slow
A: large, see invisible, deformed body, poison resistance, slowness 2, slow
metabolism 1, spit poison 1, AC +0
a: Spit Poison, Bend Time, Renounce Religion


You were on level 1 of the Dungeon.
You worshipped Cheibriados.
Cheibriados was noncommittal.
You were not hungry.

You visited 1 branch of the dungeon, and saw 1 of its levels.

You collected 27 gold pieces.

Inventory:

Hand Weapons
 a - a +0 spear (weapon)
Armour
 b - a +0 robe (worn)
 c - a +0 shield (worn)
Wands
 d - a wand of paralysis (10)
Scrolls
 f - a scroll of amnesia {unknown}
 g - a scroll of teleportation {unknown}
 h - 3 scrolls of enchant weapon {unknown}
Potions
 i - a potion of mutation {unknown}
Comestibles
 e - a ration {!d}


   Skills:
 + Level 2.0 Fighting
 + Level 2.0 Polearms
 - Level 4.8 Stealth
 + Level 1.6 Shields
 - Level 1.0 Spellcasting
 - Level 1.0 Hexes
 - Level 1.0 Evocations


You had one spell level left.
You knew the following spells:

 Your Spells              Type           Power        Failure   Level  Hunger
a - Slow                  Hex            #.......     65%         1    ##.....
Your spell library was empty.

Dungeon Overview and Level Annotations

Branches:
Dungeon (1/12)

Altars:


Innate Abilities, Weirdness & Mutations

You cannot wear boots.
Your serpentine skin is tough. (AC +0)
You have supernaturally acute eyesight. (SInv)
Armour fits poorly on your strangely shaped body.
Your system is resistant to poisons. (rPois)
You cover ground very slowly.
You have a slow metabolism.
You can spit poison.


Message History

e - a ration Welcome, MisterOstroum the Naga Sloth Apostle.
Will you prevail where others failed? Will you find the Orb of Zot?
Cheibriados says: Take it easy.
Press ? for a list of commands and other information.
Found 14 gold pieces.
Found a staircase leading out of the dungeon.
Your library has no spells.
There is a fountain of clear blue water here.
You now have 14 gold pieces.
You open the door.
There is an open door here.
There is an open door here.
You open the door.
There is an open door here.
f - a scroll labeled CAPONO REFU LIO You now have 27 gold pieces (gained 13).
g - a scroll labeled PIOMARPH GOGG
h - 3 scrolls labeled XURAUNT YVUATE
i - a puce potion 2 jackals come into view.
Found a stone staircase leading down.
There are monsters nearby!
Your shield prevents you from hitting the jackal.
The jackal bites you. The jackal barely misses you.
You miss the jackal. You block the jackal's attack.
You hit the jackal but do no damage. The jackal bites you.
The jackal bites you but does no damage.
You closely miss the jackal. You block the jackal's attack.
You hit the jackal.
The jackal is moderately wounded.
The jackal bites you. The jackal closely misses you.
You hit the jackal.
You kill the jackal!
Cheibriados appreciates the change of pace. 2 jackals come into view.
You see here a jackal corpse.
The jackal barks!
The jackal barely misses you. You block the jackal's attack.
You closely miss the jackal.
A kobold comes into view.
You barely miss the jackal. The jackal barely misses you. The jackal bites you.
You closely miss the jackal. The jackal bites you. x2
You are too injured to fight recklessly!
You are too injured to fight recklessly!
You are too injured to fight recklessly!
You are too injured to fight recklessly!
You are too injured to fight recklessly!
You are too injured to fight recklessly!
You are too injured to fight recklessly!
You are too injured to fight recklessly!
You are too injured to fight recklessly!
You are too injured to fight recklessly!
You are too injured to fight recklessly!
The jackal barely misses you. You block the jackal's attack.
The jackal bites you.
The jackal barks!
You see here a jackal corpse.
The jackal bites you. x2
The jackal closely misses you. The kobold hits you.
* * * LOW HITPOINT WARNING * * *
The jackal bites you.
* * * LOW HITPOINT WARNING * * *
The jackal bites you.
* * * LOW HITPOINT WARNING * * *
You block the jackal's attack. The jackal barely misses you.
The jackal bites you.
You die...

..# ..# #..
.# #.# #.#
#.# .. ##.#
.#
##..####.#
###hh......#
#.@h#.....##
#..##K†##..#
#.#
#..###.## #.
#..# #..###
# #..#
##...# #>.#
###.# ##
#..#
#.#####.
#.##
#.....#. ..
#####...


You could see 3 jackals and a kobold.

Vanquished Creatures
  A jackal (D:1)
1 creature vanquished.

Notes
Turn   | Place    | Note
-------+----------+-------------------------------------------
     0 | D:1      | MisterOstroum the Naga Sloth Apostle began the quest for
                  | the Orb.
     0 | D:1      | Reached XP level 1. HP: 19/19 MP: 2/2
   112 | D:1      | Slain by a jackal

Action                   || total
-------------------------++-------
Melee: Spear             ||     9
Armor: Robe              ||     1
Dodge: Dodged            ||     7
Block: Shield            ||     5
